AoeStats
← Soldier

Arabian Desert

510116039Analyzed
1v1 RM · 3d ago on Sep 29, 2026· 41m 34s· 2 players
Game mode
Random Map
Map size
Tiny (2 player)
Population
200
Speed
Normal
Resources
Standard
Victory
Conquest
Starting age
Dark Age
Ending age
Imperial Age
RankedLock teamsTeams togetherTeam positionsShared explorationLock speedFull tech treeHidden civsTurbo modeCheats
Victory
Defeat
🇮🇳 Bulgarians · India
746
+15
🇪🇸 Turks · Spain
731
-15
Antares
7:45 Loom
10:02 Feudal Age
10:28 Double-Bit Axe
10:34 Horse Collar
15:12 Man-at-Arms
21:00 Wheelbarrow
21:37 Wheelbarrow
20:47 Town Watch
26:11 Castle Age
31:52 Husbandry
41:04 Bloodlines
Soldier
11:10 Feudal Age
13:42 Loom
24:51 Castle Age
22:50 Arson
22:58 Horse Collar
23:45 Forging
23:45 Scale Mail Armor
23:49 Double-Bit Axe
24:39 Town Watch
24:50 Fletching
30:59 Iron Casting
30:31 Scale Barding Armor
34:09 Imperial Age
32:29 Pikeman
33:33 Chain Barding Armor
33:28 Chain Mail Armor
35:15 Conscription
34:53 Stirrups
36:03 Wheelbarrow
37:39 Blast Furnace
37:11 Plate Mail Armor
38:32 Capped Ram
39:19 Squires
39:07 Gambesons
39:59 Bagains
40:13 Bodkin Arrow
Connection lost

Rejoining the realm…

Still unreachable

The connection could not be restored.

Session expired

The server has moved on; the page needs a fresh start.